 Dungeon Crawl Stone Soup version 0.27-a0-1137-g3ef0f4ec91 (webtiles) character file.

Game seed: 12235618385522958284

10 kae the Skirmisher (level 2, 24/24 HPs)
             Began as a Demonspawn Abyssal Knight on May 6, 2021.
             Was a Follower of Lugonu.
             Quit the game on level 1 of the Dungeon.
             The game lasted 00:00:19 (618 turns).

kae the Skirmisher (Demonspawn Abyssal Knight)       Turns: 618, Time: 00:00:19

Health: 24/24      AC:  3    Str: 12    XL:     2   Next: 10%
Magic:  3/3        EV: 11    Int: 13    God:    Lugonu [*.....]
Gold:   17         SH:  0    Dex: 12    Spells: 1/1 levels left

rFire    . . .     SeeInvis .   a - +1 falchion
rCold    . . .     Faith    .   (no shield)
rNeg     . . .     Spirit   .   b - +0 leather armour
rPois    .         Reflect  .   (no helmet)
rElec    .         Harm     .   (no cloak)
rCorr    .         Rampage  .   (no gloves)
Will     .....                  (no boots)
Stlth    +.........             (no amulet)
HPRegen  0.08/turn              (no ring)
MPRegen  0.08/turn              (no ring)

@: no status effects
A: demonic magic 1
a: Renounce Religion, Depart the Abyss


You were on level 1 of the Dungeon.
You worshipped Lugonu.
Lugonu was aware of your devotion.
You visited 1 branch of the dungeon, and saw 1 of its levels.
You visited the Abyss 1 time.

You collected 17 gold pieces.

Inventory:

Hand Weapons
 a - a +1 falchion (weapon)
Missiles
 c - 2 atropa-tipped darts
Armour
 b - a +0 leather armour (worn)
Potions
 d - a potion of curing {unknown}


   Skills:
 - Level 3.0 Fighting
 + Level 2.5 Long Blades
 - Level 1.7 Armour
 - Level 0.8 Dodging
 - Level 2.4 Invocations


You had one spell level left.
You didn't know any spells.
Your spell library was empty.

Dungeon Overview and Level Annotations

Branches:
Dungeon (1/15)

Altars:


Innate Abilities, Weirdness & Mutations

Spells you cast may paralyse adjacent enemies.


Message History

You completely miss the hobgoblin.
The hobgoblin is almost dead.
The hobgoblin closely misses you.
The frilled lizard unfolds its giant frill.
The hobgoblin hits you.
You closely miss the hobgoblin.
The hobgoblin is almost dead.
The hobgoblin closely misses you.
There are monsters nearby!
You closely miss the hobgoblin.
The hobgoblin is almost dead.
The hobgoblin closely misses you.
You hit the hobgoblin.
You kill the hobgoblin!
Lugonu accepts your kill.
You can now depart the Abyss.
You have reached level 2!
Your demonic ancestry asserts itself...
A menacing aura infuses your magic.
A frilled lizard is nearby!
You barely miss the frilled lizard. The frilled lizard barely misses you.
You hit the frilled lizard.
You kill the frilled lizard!
Lugonu accepts your kill.
Key pressed, stopping explore.
No target in view!
No target in view!
You see here a frilled lizard corpse.
A ball python comes into view.
Found 19 stones.
The ball python hisses angrily.
Found 17 gold pieces.
A ball python is nearby!
The ball python bites you. The ball python closely misses you.
The ball python bites you. The ball python grabs you.
The ball python constricts you.
You hit the ball python.
You kill the ball python!
Lugonu accepts your kill.
d - an orange potion Are you sure you want to abandon this character and quit the game? (Confirm with "yes".)

#.. #.### ####...##.#
#...###......##.#
###...##.......##.#
###.........##.......
.....#..............
..........##....#..
##...##..##....###
#@................
#...#....#..##.#####
#..##....##..#.#
#..#....(.#..#†#
#.##.†##..##...###
#.#..####..#.....#
#.#.. ..#.....# #.##.
.##.....# #.
$#......#


There were no monsters in sight!

Vanquished Creatures
  3 ball pythons (D:1)
  A bat (D:1)
  A giant cockroach (D:1)
  A hobgoblin (D:1)
  A quokka (D:1)
  2 frilled lizards (D:1)
9 creatures vanquished.

Notes
Turn   | Place    | Note
-------+----------+-------------------------------------------
     0 | Abyss:1  | kae the Demonspawn Abyssal Knight began the quest for the
                  | Orb.
     0 | Abyss:1  | Reached XP level 1. HP: 18/18 MP: 2/2
    36 | Abyss:1  | Noticed a small abomination
    65 | Abyss:1  | Noticed a ynoxinul
   270 | Abyss:1  | Noticed an ancient lich
   290 | D:1      | Escaped the Abyss
   472 | D:1      | Reached * piety under Lugonu
   473 | D:1      | Gained mutation: Spells you cast may paralyse adjacent
                  | enemies. [demonic ancestry]
   473 | D:1      | Reached XP level 2. HP: 16/24 MP: 3/3
   618 | D:1      | Quit the game

Illustrated notes

Levels and vault maps discovered:
D:1:      psy_arrival_dodecagon, layout_loops_cross, basic_ecumenical_altar,
          minmay_misc_feat_iff

Skill      XL: |  1 |
---------------+----+-----
Long Blades    | 2 |  2.5
Fighting       | |  3.0
Armour         | |  1.7
Dodging        | |  0.8
Invocations    | |  2.4

Action                   || total
-------------------------++-------
Melee: Falchion          ||    26
Invok: Depart the Abyss  ||     1
Armor: Leather armour    ||     8
Dodge: Dodged            ||    20
       Rpst.: Falchion   ||     2

Table legend: (Time is in decaauts)
 A = Elapsed time spent in this place.
 B = Non-inter-level travel time spent in this place.
 C = Inter-level travel time spent in this place.
 D = Time resting spent in this place.
 E = Time spent auto-exploring this place.
 F = Levels seen in this place.
 G = Mean time per level.
                   A        B        C        D        E       F      G
               +--------+--------+--------+--------+--------+-----+--------+
         Total |    622 |    622 |      0 |    216 |    335 |   2 |  311.0 |
       Dungeon |    332 |    332 |      0 |      0 |    281 |   1 |  332.0 |
         Abyss |    290 |    290 |      0 |    216 |     54 |   1 |  290.0 |
               +--------+--------+--------+--------+--------+-----+--------+

Top non-repeatable levels by time:
     D:1: 332 daAuts
 Abyss:1: 290 daAuts
